 Dungeon Crawl Stone Soup version 0.21.0-24-g2553a33 (webtiles) character file.

1817 tidbits the Insei (level 9, -9/72 HPs)
             Began as a Gnoll Transmuter on Jan 19, 2018.
             Was a Believer of Cheibriados.
             Mangled by a two-headed ogre
             ... wielding a +0 dire flail
              (23 damage)
             ... on level 9 of the Dungeon.
             The game lasted 00:18:38 (2118 turns).

tidbits the Insei (Gnoll Transmuter)                Turns: 2118, Time: 00:18:38

Health: -9/72      AC:  5    Str: 20    XL:     9   Next: 10%
Magic:  18/18      EV: 17    Int: 26    God:    Cheibriados [**....]
Gold:   171        SH:  7    Dex: 19    Spells: 14/20 levels left

rFire    . . .     SeeInvis .   a - +2 dagger (protect)
rCold    . . .     Gourm    .   D - +2 buckler
rNeg     . . .     Faith    .   B - +1 robe
rPois    +         Spirit   .   J - +2 hat "Afovey" {+Inv rElec Int+4 Slay+3}
rElec    +         Reflect  .   (no cloak)
rCorr    .         Harm     .   (no gloves)
MR       .....                  (no boots)
Stlth    ++++......             (no amulet)
HPRegen  0.22/turn              i - ring of stealth
MPRegen  0.16/turn              o - ring of poison resistance

@: marked, very slow
A: distributed training, fangs 1, robust 1, strong 1, strong nose
a: Bend Time, Renounce Religion, Evoke Invisibility


You were on level 9 of the Dungeon.
You worshipped Cheibriados.
Cheibriados was pleased with you.
You were not hungry.

You visited 2 branches of the dungeon, and saw 11 of its levels.

You collected 171 gold pieces.

Inventory:

Hand Weapons
 a - a +2 dagger of protection (weapon)
   (You found it on level 1 of the Dungeon)
 h - a +3 trident of freezing
   (You took it off a gnoll sergeant on level 10 of the Dungeon)
 l - a +2 dagger of distortion
   (You found it on level 2 of the Dungeon)
 r - a +2 dagger of speed
   (You found it on level 3 of the Dungeon)
 x - a +0 hunting sling
Missiles
 e - 9 bolts
 f - 142 arrows
Armour
 b - a cursed +0 ring mail
 B - a +1 robe (worn)
 D - a +2 buckler (worn)
 J - the +2 hat "Afovey" (worn) {+Inv rElec Int+4 Slay+3}
   (You found it on level 9 of the Dungeon)

   It affects your intelligence (+4).
   It affects your accuracy and damage with ranged weapons and melee attacks
   (+3).
   It insulates you from electricity.
   It lets you turn invisible.
Jewellery
 i - a ring of stealth (left hand)
   (You found it on level 6 of the Dungeon)
 o - a ring of poison resistance (right hand)
   (You found it on level 3 of the Dungeon)
 p - an uncursed ring of wizardry {unknown}
   (You found it on level 9 of the Dungeon)
 u - an uncursed ring of flight
   (You found it on level 4 of the Dungeon)
 A - an uncursed ring of protection from magic
   (You found it on level 6 of the Dungeon)
 G - an uncursed ring of positive energy
   (You found it on level 7 of the Dungeon)
 I - an uncursed ring of see invisible
   (You found it on level 1 of the Dungeon)
Wands
 v - a wand of enslavement (16)
 w - a wand of flame (19)
 C - a wand of acid (8)
Scrolls
 g - a scroll of enchant armour
 k - a scroll of enchant weapon
 s - a scroll of teleportation
 t - a scroll of noise
 y - a scroll of fog {unknown}
 z - 2 scrolls of magic mapping
 F - a scroll of blinking {unknown}
Potions
 j - a potion of mutation {!q}
 m - a potion of resistance
 n - a potion of curing
 q - a potion of flight
Books
 c - a book of Changes

   Spells                             Type                      Level
   a - Beastly Appendage              Transmutation                1
   b - Sticks to Snakes               Transmutation                2
   c - Spider Form                    Transmutation/Poison         3
   d - Ice Form                       Ice/Transmutation            4
   e - Blade Hands                    Transmutation                5
Comestibles
 d - 6 rations


   Skills:
 + Level 4.7 Fighting
 + Level 3.8 Short Blades
 + Level 3.8 Long Blades
 + Level 3.8 Axes
 + Level 3.8 Maces & Flails
 + Level 3.8 Polearms
 + Level 3.8 Staves
 + Level 3.8 Slings
 + Level 3.8 Bows
 + Level 3.8 Crossbows
 + Level 3.8 Throwing
 + Level 3.8 Armour
 + Level 6.0 Dodging
 + Level 3.8 Stealth
 + Level 3.8 Shields
 + Level 7.6 Unarmed Combat
 + Level 6.3 Spellcasting
 + Level 3.1 Conjurations
 + Level 3.1 Hexes
 + Level 3.1 Charms
 + Level 3.1 Summonings
 + Level 3.1 Necromancy
 + Level 3.1 Translocations
 + Level 5.0 Transmutations
 + Level 3.1 Fire Magic
 + Level 3.1 Ice Magic
 + Level 3.1 Air Magic
 + Level 3.1 Earth Magic
 + Level 3.1 Poison Magic
 + Level 4.2 Invocations
 + Level 3.8 Evocations


You had 14 spell levels left.
You knew the following spells:

 Your Spells              Type           Power        Failure   Level  Hunger
e - Beastly Appendage     Tmut           ####..       1%          1    None
k - Sticks to Snakes      Tmut           ####....     1%          2    None
p - Spider Form           Tmut/Pois      ####......   3%          3    None


Dungeon Overview and Level Annotations

Branches:
Dungeon (10/15)            Temple (1/1) D:6
   Lair: D:8-11         Orc: D:9-12

Altars:
Cheibriados
Dithmenos
Elyvilon
Gozag
Nemelex Xobeh
Vehumet
Wu Jian
The Shining One

Annotations:
D:4 Menkaure
D:9 exclusion: 2 yaks, Maurice


Innate Abilities, Weirdness & Mutations

Your experience applies equally to all skills.
You have very sharp teeth.
Your uncanny sense of smell can sniff out nearby items.
You are robust. (+10% HP)
Your muscles are strong. (Str +2)


Message History

Cheibriados thoroughly appreciates the change of pace.
Your Dodging skill increases to level 6!
Your Transmutations skill increases to level 5!
You have reached level 9!
Your experience leads to an increase in your attributes!
Your base attributes are Str 14, Int 17, Dex 15.
Increase (S)trength, (I)ntelligence, or (D)exterity?
You feel clever.
Unknown command.
Put on which piece of jewellery? (? for menu, Esc to quit)
You're wearing all the rings you can.
Remove which one? (? for menu, Esc to cancel) < or
A - a ring of protection from magic > or
o - a ring of poison resistance You remove your ring of protection from magic.
i - a ring of stealth (left front leg)
Your transformation is almost over.
Your transformation has ended.
Your +2 dagger of protection unmelds from your body.
The +2 hat "Afovey" {+Inv rElec Int+4 Slay+3} unmelds from your body.
Your +2 buckler unmelds from your body.
Your +1 robe unmelds from your body.
Your +2 dagger of protection hums with potential!
Your magical contamination has completely faded away.
Things that are here:
a giant club; a killer bee corpse You see here a hound corpse.
You see here a leopard gecko corpse.
Items here: ))) [[ ††
Things that are here:
a dagger; a robe; an orc corpse
There is a stone staircase leading up, spattered with blood here.
Things that are here:
a bullfrog corpse; a killer bee corpse You see here a killer bee corpse.
An ogre comes into view. It is wielding a giant club.
The ogre shouts!
You hear an angry hiss.
You hear two shouts!
You hear a croak.
A leopard gecko and a gargoyle come into view.
You see here a killer bee corpse.
You see here a killer bee corpse.
There is a stone staircase leading up, spattered with blood here.
Things that are here:
a bullfrog corpse; a killer bee corpse You climb upwards.
Level annotation: exclusion: 2 yaks
There is a stone staircase leading down here.
Unknown command.
You feel a little less agile now.
Found a copper ring.
You see here a copper ring.
p - a copper ring Put on which piece of jewellery? (? for menu, Esc to quit)
Okay, then.
Okay, then.
Drop what? 35/52 slots (_ for help) (? for menu, Esc to quit)
You drop a +2 hat.
Found a white marble altar of Elyvilon.
The alarm trap emits a blaring wail!
A sentinel's mark forms upon you.
You hear a shout!
You hear a bellow!
You hear two shouts!
You hear a shout!
You hear a bellow! x3; You hear a chilling moan.
You hear two shouts!
You hear an angry hiss.
You hear a shout!
Unknown command.
A two-headed ogre and a quasit come into view.
An adder, a crimson imp and Maurice come into view.
Evoke which item? (* to show all) (? for menu, Esc to quit)
Aiming: Enslavement
Press: ? - help, Shift-Dir - straight line, f - two-headed ogre
Aim: a two-headed ogre, wielding a dire flail and a giant club (chance to defeat MR: 39%)
The two-headed ogre resists with some effort.
Maurice shouts, "Mine, all mine!"
Maurice casts a spell.
Maurice blinks!
A yak comes into view.
Evoke which item? (* to show all) (? for menu, Esc to quit)
Aiming: Enslavement
Press: ? - help, Shift-Dir - straight line, f/p - two-headed ogre
Aim: a two-headed ogre, wielding a dire flail and a giant club (chance to defeat MR: 39%)
The two-headed ogre resists with some effort.
A troll comes into view.
That item cannot be evoked!
That item cannot be evoked!
Unknown command.
Evoke which item? (* to show all) (? for menu, Esc to quit)
Aiming: Enslavement
Press: ? - help, Shift-Dir - straight line, f/p - two-headed ogre
Aim: a two-headed ogre, wielding a dire flail and a giant club (chance to defeat MR: 39%)
The two-headed ogre resists with some effort.
The two-headed ogre hits you with a dire flail!
* * * LOW HITPOINT WARNING * * *
The two-headed ogre hits you with a giant club!
* * * LOW HITPOINT WARNING * * *
A yak and a sky beast come into view.
Evoke which item? (* to show all) (? for menu, Esc to quit)
Aiming: Enslavement
Press: ? - help, Shift-Dir - straight line, f/p - two-headed ogre
Aim: a two-headed ogre, wielding a dire flail and a giant club (chance to defeat MR: 39%)
The two-headed ogre resists with some effort.
The adder misses you.
The two-headed ogre hits you with a dire flail!!
You die...

###....#...###.#......
####................
##..........<....
#...#........... ####
##..#........... #...
#............## #...
#....>.......##
####...####..#...........
..Y...5O@S5Y.Y.Y......###
####...#####Z..##..##....
#... #...##..##..## #T..
#..^##....#.# .....
#...###.#...# ###...
....# ....... #.#. ##....
#.....Y∆ ..#. ......


You could see a two-headed ogre, 3 yaks, a troll, a sky beast, a quasit, a
crimson imp, an adder and a hound skeleton.

Vanquished Creatures
  A troll (D:10)
  An orc warrior (D:6)
  A sky beast (D:6)
  3 ogres
  A necrophage (D:5)
  A centaur (D:6)
  A crocodile (D:7)
  2 bullfrogs
  A gnoll sergeant (D:10)
  4 killer bees (D:10)
  A howler monkey (D:10)
  A crimson imp (D:6)
  4 hounds
  A jelly (D:6)
  A quasit (D:10)
  2 orc wizards
  4 worker ants
  7 gnolls
  3 adders
  2 shadow imps
  A dart slug (D:2)
  A leopard gecko (D:10)
  7 orcs
  A giant cockroach (D:3)
  2 hobgoblins
  7 jackals
  A quokka (D:7)
  5 bats
  3 goblins
  3 kobolds
  5 rats
78 creatures vanquished.

Vanquished Creatures (collateral kills)
  A worker ant (D:4)
  2 gnolls (D:7)
  2 adders (D:2)
  A bat (D:3)
  A quokka (D:2)
  A frilled lizard (D:2)
8 creatures vanquished.

Grand Total: 86 creatures vanquished

Notes
Turn   | Place    | Note
-------+----------+-------------------------------------------
     0 | D:1      | tidbits the Gnoll Transmuter began the quest for the Orb.
     0 | D:1      | Reached XP level 1. HP: 17/17 MP: 6/6
    74 | D:1      | Reached XP level 2. HP: 18/23 MP: 5/7
    81 | D:1      | Learned a level 2 spell: Sticks to Snakes
   235 | D:2      | Reached skill level 5 in Spellcasting
   235 | D:2      | Reached XP level 3. HP: 28/28 MP: 6/9
   372 | D:2      | Reached skill level 1 in Invocations
   482 | D:3      | Reached skill level 1 in Short Blades
   482 | D:3      | Reached skill level 1 in Long Blades
   482 | D:3      | Reached skill level 1 in Axes
   482 | D:3      | Reached skill level 1 in Maces & Flails
   482 | D:3      | Reached skill level 1 in Polearms
   482 | D:3      | Reached skill level 1 in Staves
   482 | D:3      | Reached skill level 1 in Slings
   482 | D:3      | Reached skill level 1 in Bows
   482 | D:3      | Reached skill level 1 in Crossbows
   482 | D:3      | Reached skill level 1 in Throwing
   482 | D:3      | Reached skill level 1 in Armour
   482 | D:3      | Reached skill level 1 in Stealth
   482 | D:3      | Reached skill level 1 in Shields
   482 | D:3      | Reached skill level 1 in Evocations
   513 | D:3      | Reached XP level 4. HP: 30/34 MP: 9/11
   618 | D:4      | Learned a level 3 spell: Spider Form
   667 | D:4      | Found a radiant altar of Vehumet.
   686 | D:4      | Noticed Menkaure
   738 | D:5      | Entered Level 5 of the Dungeon
   780 | D:7      | Noticed a bullfrog
   785 | D:7      | Killed a bullfrog
   785 | D:7      | Reached skill level 1 in Conjurations
   785 | D:7      | Reached skill level 1 in Hexes
   785 | D:7      | Reached skill level 1 in Charms
   785 | D:7      | Reached skill level 1 in Summonings
   785 | D:7      | Reached skill level 1 in Necromancy
   785 | D:7      | Reached skill level 1 in Translocations
   785 | D:7      | Reached skill level 1 in Fire Magic
   785 | D:7      | Reached skill level 1 in Ice Magic
   785 | D:7      | Reached skill level 1 in Air Magic
   785 | D:7      | Reached skill level 1 in Earth Magic
   785 | D:7      | Reached skill level 1 in Poison Magic
   785 | D:7      | Reached XP level 5. HP: 40/40 MP: 6/12
   815 | D:7      | Noticed a crocodile
   827 | D:7      | Killed a crocodile
   827 | D:7      | Reached skill level 3 in Fighting
   827 | D:7      | Reached skill level 4 in Transmutations
   827 | D:7      | Reached XP level 6. HP: 41/47 MP: 6/13
   891 | D:6      | Found a staircase to the Ecumenical Temple.
   902 | Temple   | Entered the Ecumenical Temple
   965 | Temple   | Became a worshipper of Cheibriados the Contemplative
  1058 | D:6      | Reached skill level 2 in Invocations
  1082 | D:6      | Reached skill level 2 in Short Blades
  1082 | D:6      | Reached skill level 2 in Long Blades
  1082 | D:6      | Reached skill level 2 in Axes
  1082 | D:6      | Reached skill level 2 in Maces & Flails
  1082 | D:6      | Reached skill level 2 in Polearms
  1082 | D:6      | Reached skill level 2 in Staves
  1082 | D:6      | Reached skill level 2 in Slings
  1082 | D:6      | Reached skill level 2 in Bows
  1082 | D:6      | Reached skill level 2 in Crossbows
  1082 | D:6      | Reached skill level 2 in Throwing
  1082 | D:6      | Reached skill level 2 in Armour
  1082 | D:6      | Reached skill level 5 in Dodging
  1082 | D:6      | Reached skill level 2 in Stealth
  1082 | D:6      | Reached skill level 2 in Shields
  1082 | D:6      | Reached skill level 2 in Evocations
  1137 | D:6      | Noticed a sky beast
  1152 | D:6      | Killed a sky beast
  1157 | D:6      | Reached XP level 7. HP: 43/52 MP: 7/15
  1237 | D:6      | Reached skill level 7 in Unarmed Combat
  1333 | D:5      | Reached skill level 2 in Conjurations
  1333 | D:5      | Reached skill level 2 in Hexes
  1333 | D:5      | Reached skill level 2 in Charms
  1333 | D:5      | Reached skill level 2 in Summonings
  1333 | D:5      | Reached skill level 2 in Necromancy
  1333 | D:5      | Reached skill level 2 in Translocations
  1333 | D:5      | Reached skill level 2 in Fire Magic
  1333 | D:5      | Reached skill level 2 in Ice Magic
  1333 | D:5      | Reached skill level 2 in Air Magic
  1333 | D:5      | Reached skill level 2 in Earth Magic
  1333 | D:5      | Reached skill level 2 in Poison Magic
  1415 | D:6      | Reached skill level 3 in Invocations
  1423 | D:6      | Reached * piety under Cheibriados
  1527 | D:7      | Gained mutation: You are robust. (+10% HP) [potion of mutation]
  1527 | D:7      | Gained mutation: Your muscles are strong. (Str +2) [potion of mutation]
  1540 | D:7      | Reached XP level 8. HP: 37/65 MP: 16/16
  1548 | D:7      | Found an ornate altar of the Wu Jian Council.
  1607 | D:7      | Reached skill level 4 in Fighting
  1734 | D:8      | Reached skill level 3 in Short Blades
  1734 | D:8      | Reached skill level 3 in Long Blades
  1734 | D:8      | Reached skill level 3 in Axes
  1734 | D:8      | Reached skill level 3 in Maces & Flails
  1734 | D:8      | Reached skill level 3 in Polearms
  1734 | D:8      | Reached skill level 3 in Staves
  1734 | D:8      | Reached skill level 3 in Slings
  1734 | D:8      | Reached skill level 3 in Bows
  1734 | D:8      | Reached skill level 3 in Crossbows
  1734 | D:8      | Reached skill level 3 in Throwing
  1734 | D:8      | Reached skill level 3 in Armour
  1734 | D:8      | Reached skill level 3 in Stealth
  1734 | D:8      | Reached skill level 3 in Shields
  1734 | D:8      | Reached skill level 3 in Evocations
  1852 | D:9      | Noticed a yak
  1853 | D:9      | Got a shimmering hat
  1865 | D:9      | Identified the +2 hat "Afovey" {+Inv rElec Int+4 Slay+3} (You found it on level 9 of the Dungeon)
  1873 | D:9      | Noticed a yak
  1877 | D:10     | Entered Level 10 of the Dungeon
  1911 | D:10     | Reached skill level 6 in Spellcasting
  1982 | D:10     | Reached ** piety under Cheibriados
  2009 | D:10     | Reached skill level 3 in Conjurations
  2009 | D:10     | Reached skill level 3 in Hexes
  2009 | D:10     | Reached skill level 3 in Charms
  2009 | D:10     | Reached skill level 3 in Summonings
  2009 | D:10     | Reached skill level 3 in Necromancy
  2009 | D:10     | Reached skill level 3 in Translocations
  2009 | D:10     | Reached skill level 3 in Fire Magic
  2009 | D:10     | Reached skill level 3 in Ice Magic
  2009 | D:10     | Reached skill level 3 in Air Magic
  2009 | D:10     | Reached skill level 3 in Earth Magic
  2009 | D:10     | Reached skill level 3 in Poison Magic
  2009 | D:10     | Reached skill level 4 in Invocations
  2017 | D:10     | Noticed a troll
  2028 | D:10     | Killed a troll
  2028 | D:10     | Reached skill level 6 in Dodging
  2028 | D:10     | Reached skill level 5 in Transmutations
  2028 | D:10     | Reached XP level 9. HP: 12/72 MP: 18/18
  2053 | D:10     | Noticed a gargoyle
  2079 | D:9      | Found a white marble altar of Elyvilon.
  2113 | D:9      | Noticed a two-headed ogre
  2115 | D:9      | Noticed Maurice
  2117 | D:9      | Noticed a troll
  2118 | D:9      | Mangled by a two-headed ogre

Skill      XL: |  1  2  3  4  5  6  7  8 |
---------------+-------------------------+-----
Spellcasting   | 5 6 |  6.3
Invocations    | 1 2 3 4 |  4.2
Short Blades   | 1 2 3 |  3.8
Long Blades    | 1 2 3 |  3.8
Axes           | 1 2 3 |  3.8
Maces & Flails | 1 2 3 |  3.8
Polearms       | 1 2 3 |  3.8
Staves         | 1 2 3 |  3.8
Slings         | 1 2 3 |  3.8
Bows           | 1 2 3 |  3.8
Crossbows      | 1 2 3 |  3.8
Throwing       | 1 2 3 |  3.8
Armour         | 1 2 3 |  3.8
Stealth        | 1 2 3 |  3.8
Shields        | 1 2 3 |  3.8
Evocations     | 1 2 3 |  3.8
Conjurations   | 1 2 3 |  3.1
Hexes          | 1 2 3 |  3.1
Charms         | 1 2 3 |  3.1
Summonings     | 1 2 3 |  3.1
Necromancy     | 1 2 3 |  3.1
Translocations | 1 2 3 |  3.1
Fire Magic     | 1 2 3 |  3.1
Ice Magic      | 1 2 3 |  3.1
Air Magic      | 1 2 3 |  3.1
Earth Magic    | 1 2 3 |  3.1
Poison Magic   | 1 2 3 |  3.1
Fighting       | 3 4 |  4.7
Transmutations | 4 5 |  5.0
Dodging        | 5 6 |  6.0
Unarmed Combat | 7 |  7.6

Action                   |  1- 3 |  4- 6 |  7- 9 || total
-------------------------+-------+-------+-------++-------
Melee: Dagger            |    89 |    12 |     2 ||   103
       Kick              |     8 |     3 |       ||    11
       Bite              |     7 |     1 |       ||     8
       Headbutt          |    11 |     1 |       ||    12
       Punch             |     2 |     1 |       ||     3
       Unarmed           |       |    41 |   115 ||   156
 Cast: Beastly Appendage |    10 |     1 |       ||    11
       Sticks to Snakes  |     4 |     5 |     8 ||    17
       Spider Form       |       |     7 |    15 ||    22
Invok: Bend Time         |       |     1 |       ||     1
Evoke: Wand              |       |       |     4 ||     4
  Use: Scroll            |     2 |     6 |     7 ||    15
       Potion            |       |     3 |     4 ||     7
 Stab: Sleeping          |     3 |       |     3 ||     6
       Invisible         |       |       |     2 ||     2
       Distracted        |       |       |     1 ||     1
  Eat: Ration            |       |     1 |       ||     1
       Chunk             |       |       |     1 ||     1
Armor: Robe              |    25 |     4 |     1 ||    30
       Skin              |       |     1 |     4 ||     5
Dodge: Dodged            |    69 |    49 |   114 ||   232
Block: Buckler           |       |       |     3 ||     3

Table legend:
 A = Turns spent in this place as a percentage of turns spent in the entire game.
 B = Non-inter-level travel turns spent in this place as a percentage of non-inter-level travel turns spent in the entire game.
 C = Inter-level travel turns spent in this place as a percentage of turns spent in this place.
 D = Turns resting spent in this place as a percentage of non-inter-level travel turns spent in this place.
 E = Turns spent auto-exploring this place as a percentage of non-inter-level travel turns spent in this place.
 F = Non-inter-level travel turns spent in this place divided by the number of levels of this place that you've seen.
                   A       B       C       D       E      F
               +-------+-------+-------+-------+-------+----------------------
         Total | 100.0 | 100.0 |   3.5 |   0.0 |   0.0 | 185.8
       Dungeon |  94.2 |  96.8 |   0.9 |   0.0 |   0.0 | 197.9
        Temple |   5.8 |   3.2 |  46.7 |   0.0 |   0.0 |  65.0
               +-------+-------+-------+-------+-------+----------------------

Table legend:
 A = Kills in this place as a percentage of kills in entire the game.
 B = Kills by you in this place as a percentage of kills by you in the entire game.
 C = Kills by friends in this place as a percentage of kills by friends in the entire game.
 D = Other kills in this place as a percentage of other kills in the entire game.
 E = Experience gained in this place as a percentage of experience gained in the entire game.
 F = Experience gained in this place divided by the number of levels of this place that you have seen.
                   A       B       C       D       E      F
               +-------+-------+-------+-------+-------+----------------------
         Total | 100.0 | 100.0 | 100.0 |   N/A | 100.0 | 236.0
       Dungeon | 100.0 | 100.0 | 100.0 |   N/A | 100.0 | 259.6
               +-------+-------+-------+-------+-------+----------------------

Vault maps used:
D:1:      lightli_arrival_windingriver
D:2:      serial_glass, glass_columns_a, glass_columns_a
D:3:      uniq_purgy
D:4:      zin_academy, vehumet_altar_wand_db, kennysheep_cluttered_room,
          uniq_natasha, uniq_menkaure
D:5:      first_ration
D:6:      kennysheep_mini, minmay_temple_entry_statues_fountains
D:7:      lemuel_doored_altar
D:8:      chequers_temple_overflow_minitemple, grunt_lair_entry_orc_guard_hut,
          serial_shops, shop, grunt_livestock
D:9:      nicolae_overflow_hidden_temple, uniq_maurice
D:10:     kennysheep_orc_monster_closet_entryway
Temple:   minmay_temple_forest_path
